 Dungeon Crawl Stone Soup version 0.24-a0-441-g27f0392e16 (webtiles) character file.

Game seed: 849893030843275598

167 KristoblXynda the Slasher (level 5, -23/45 HPs)
             Began as a Draconian Gladiator on June 19, 2019.
             Annihilated by an ogre
             ... wielding a +0 giant spiked club
              (27 damage)
             ... on level 4 of the Dungeon.
             The game lasted 00:03:01 (2270 turns).

KristoblXynda the Slasher (Draconian Gladiator)     Turns: 2270, Time: 00:03:02

Health: -23/45     AC:  5    Str: 16    XL:     5   Next: 23%
Magic:  5/5        EV: 13    Int:  9    God:
Gold:   135        SH:  0    Dex: 13    Spells: 4/4 levels left

rFire    . . .     SeeInvis .   a - +0 long sword
rCold    . . .     Gourm    .   (no shield)
rNeg     . . .     Faith    .   (armour unavailable)
rPois    .         Spirit   .   b - +0 hat
rElec    .         Reflect  .   (no cloak)
rCorr    .         Harm     .   (no gloves)
MR       .....                  (no boots)
Stlth    +.........             (no amulet)
HPRegen  0.15/turn              (no ring)
MPRegen  0.09/turn              (no ring)

@: no status effects
A: unfitting armour, cold-blooded, AC +5
a: no special abilities


You were on level 4 of the Dungeon.
You were hungry.

You visited 1 branch of the dungeon, and saw 4 of its levels.

You collected 135 gold pieces.

Inventory:

Hand Weapons
 a - a +0 long sword (weapon)
Missiles
 c - 3 throwing nets
 o - 6 atropa-tipped darts (quivered)
Armour
 b - a +0 hat (worn)
Jewellery
 l - a +3 amulet of reflection {unknown}
Scrolls
 e - 4 scrolls of identify {unknown}
 f - a scroll of fog {unknown}
 h - 2 scrolls of fear {unknown}
 i - a scroll of immolation {unknown}
 n - a scroll of remove curse {unknown}
Potions
 g - 2 potions of mutation {unknown}
 j - a potion of resistance {unknown}
 k - a potion of might {unknown}
 m - 2 potions of curing {unknown}
 p - a potion of flight {unknown}
Comestibles
 d - 6 rations
 q - 4 chunks of flesh


   Skills:
 + Level 3.4 Fighting
 * Level 4.6 Long Blades
 - Level 2.1 Throwing
 + Level 3.5 Dodging


You had 4 spell levels left.
You didn't know any spells.
Your spell library was empty.

Dungeon Overview and Level Annotations

Branches:
Dungeon (3/15)

Altars:


Innate Abilities, Weirdness & Mutations

Your plain brown scales are hard. (AC +5)
You cannot fit into any form of body armour.
You are cold-blooded and may be slowed by cold attacks.


Message History

The hound is heavily wounded.
You hit the hound but do no damage.
The hound is heavily wounded.
The ogre seems less confused.
The hound barely misses you. x2; You riposte.
You closely miss the hound.
The hound is heavily wounded.
You hit the hound.
The hound is severely wounded.
The hound barely misses you.
You slash the hound!
You kill the hound!
The ogre is no longer blind.
Throwing (i - inventory. (/) - cycle)
o - 7 atropa-tipped darts (quivered)
Press: ? - help, Shift-Dir - straight line, f - ogre
Aim: an ogre, wielding a +0 giant spiked club (chance to blind on hit: 41%)
You throw an atropa-tipped dart. The atropa-tipped dart hits the ogre.
The ogre appears confused.
The ogre hits you with a +0 giant spiked club!!
Ouch! That really hurt!
You die...

#.#.#..........
#########.#.#..........
..........#.##.#.......
..........#..†.#.......
.............#.#.......
######.###.).#..†..)...
#.# #...#.#.......
#.#.###.###...#.######+#
.......@O†((........
#.#.#.###########... #


You could see an ogre (confused).

Vanquished Creatures
  A howler monkey (D:4)
  A hound (D:4)
  2 adders
  2 oozes
  An adder skeleton (D:4)
  2 worms (D:2)
  2 dart slugs
  A leopard gecko (D:1)
  2 orcs
  2 bats (D:1)
  2 giant cockroaches (D:1)
  6 goblins
  7 hobgoblins
  3 jackals (D:2)
  A quokka (D:3)
  A frilled lizard (D:4)
  9 kobolds
  12 rats
57 creatures vanquished.

Notes
Turn   | Place    | Note
-------+----------+-------------------------------------------
     0 | D:1      | KristoblXynda the Draconian Gladiator began the quest for
                  | the Orb.
     0 | D:1      | Reached XP level 1. HP: 17/17 MP: 1/1
   179 | D:1      | Reached XP level 2. HP: 25/25 MP: 2/2
   498 | D:1      | Reached XP level 3. HP: 29/30 MP: 3/3
  1744 | D:2      | Reached skill level 4 in Long Blades
  1765 | D:2      | Reached XP level 4. HP: 35/37 MP: 4/4
  2217 | D:3      | You fall into a shaft and drop 1 floor!
  2246 | D:4      | Reached XP level 5. HP: 14/45 MP: 5/5
  2257 | D:4      | Noticed an ogre
  2270 | D:4      | Annihilated by an ogre

Levels and vault maps discovered:
D:1:      dpeg_arrival_prison, layout_loops_cross
D:2:      layout_basic, chequers_hall_statues_corner_a, minmay_distorted
D:3:      layout_basic, first_ration, serial_bayou_pond_d,
          kennysheep_generic_room_6
D:4:      layout_basic, bloody_trog, chequers_temple_overflow_statue_of_worship,
          minmay_temple_entry_arrows

Skill      XL: |  1  2  3  4 |
---------------+-------------+-----
Throwing       | 2 |  2.1
Dodging        | 3 |  3.5
Long Blades    | 4 |  4.6
Fighting       | 3 |  3.4

Action                   |  1- 3 |  4- 6 || total
-------------------------+-------+-------++-------
Melee: Long sword        |   100 |    51 ||   151
       Tailslap          |    16 |     5 ||    21
Throw: Dart              |       |     2 ||     2
 Stab: Sleeping          |     2 |       ||     2
  Eat: Chunk             |     3 |     1 ||     4
Armor: Skin              |    29 |     9 ||    38
Dodge: Dodged            |    87 |    57 ||   144
       Rpst.: Long sword |    21 |    11 ||    32

Table legend:
 A = Non-vault XP
 B = Vault XP
 C = Vault XP percentage of total XP
 D = Non-vault monster count
 E = Vault monster count
 F = Vault count percentage of total count
                 A         B        C        D         E       F
            +---------+---------+-------+---------+---------+-------
      Total |     235 |       4 |   1.7 |      54 |       3 |   5.3
            +---------+---------+-------+---------+---------+-------
        D:1 |      41 |       3 |   6.8 |      20 |       2 |   9.1
        D:2 |      53 |       1 |   1.9 |      16 |       1 |   5.9
        D:3 |      36 |       0 |   0.0 |      13 |       0 |   0.0
        D:4 |     105 |       0 |   0.0 |       5 |       0 |   0.0
            +---------+---------+-------+---------+---------+-------
